AoeStats
← Daisy Duck

African Clearing

506401825Analyzed
4v4 RM · 17d ago on Sep 13, 2026· 38m 56s· 8 players
Game mode
Random Map
Map size
Large (8 player)
Population
200
Speed
Normal
Resources
Standard
Victory
Conquest
Starting age
Dark Age
Ending age
Imperial Age
RankedLock teamsTeams togetherTeam positionsShared explorationLock speedFull tech treeHidden civsTurbo modeCheats
Victory
Defeat
🇹🇼 Berbers · Taiwan
1665
+8
🇵🇰 Vietnamese · Pakistan
1425
+17
🇨🇳 Persians · China
1403
+18
🇹🇼 Hindustanis · Taiwan
1201
+54
🇨🇳 Vietnamese · China
1506
-20
🇨🇳 Mongols · China
1445
-17
🇦🇷 Huns · Argentina
1430
-16
🇷🇺 Magyars · Russia
1373
-14
leotectos
3:43 Loom
12:02 Feudal Age
15:50 Castle Age
25:27 Wheelbarrow
25:34 Wheelbarrow
24:45 Town Watch
26:31 Double-Bit Axe
27:23 Bow Saw
28:06 Hand Cart
27:52 Horse Collar
28:32 Gold Mining
29:12 Heavy Plow
32:46 Gold Mining
34:12 Gold Shaft Mining
38:10 Imperial Age
36:06 Scale Barding Armor
36:12 Forging
37:41 Chain Barding Armor
37:25 Husbandry
37:35 Bloodlines
39:24 Iron Casting
39:53 Two-Man Saw
xinyuan.zhao22
10:06 Loom
12:17 Feudal Age
16:43 Castle Age
15:54 Double-Bit Axe
16:07 Gold Mining
16:11 Fletching
18:35 Bow Saw
22:05 Bodkin Arrow
28:50 Padded Archer Armor
32:15 Wheelbarrow
34:07 Hand Cart
33:59 Town Watch
涅槃重生
10:03 Loom
14:22 Feudal Age
24:28 Castle Age
24:02 Horse Collar
36:12 Wheelbarrow
35:53 Fletching
37:43 Bodkin Arrow
38:14 Ballistics
laughing_parrot
11:31 Loom
14:21 Feudal Age
18:10 Castle Age
16:21 Double-Bit Axe
18:23 Gold Mining
23:19 Bow Saw
28:22 Scale Barding Armor
28:45 Husbandry
31:13 Bloodlines
32:23 Chain Barding Armor
33:25 Wheelbarrow
32:35 Town Watch
33:03 Padded Archer Armor
34:55 Gold Shaft Mining
40:21 Imperial Age
Daisy Duck
4:17 Loom
12:20 Feudal Age
13:03 Double-Bit Axe
24:01 Horse Collar
28:42 Castle Age
DUCK區
4:45 Loom
11:50 Feudal Age
13:28 Double-Bit Axe
21:27 Castle Age
24:58 Town Watch
25:50 Wheelbarrow
25:44 Bow Saw
31:19 Fletching
34:22 Horse Collar
36:19 Husbandry
39:42 Hand Cart
Horizon
10:05 Loom
14:08 Feudal Age
12:31 Loom
18:19 Castle Age
17:06 Double-Bit Axe
19:10 Bow Saw
22:15 Horse Collar
22:40 Fletching
24:26 Bodkin Arrow
26:37 Padded Archer Armor
27:04 Fishing Lines
28:34 Leather Archer Armor
29:58 Wheelbarrow
30:15 Heavy Plow
30:52 Town Watch
32:19 Thumb Ring
34:00 Hand Cart
34:30 Ballistics
37:33 Imperial Age
35:29 Gold Mining
35:29 Stone Mining
38:15 Bracer
39:17 Chemistry
37:51 Elite Rattan Archer
39:15 Ring Archer Armor
SSS66618
6:36 Loom
12:30 Feudal Age
12:57 Town Watch
13:49 Double-Bit Axe
16:03 Fletching
23:46 Castle Age
22:58 Padded Archer Armor
24:39 Bodkin Arrow
25:09 Bow Saw
29:07 Wheelbarrow
30:10 Leather Archer Armor
30:59 Ballistics
33:50 Husbandry
35:43 Bloodlines
38:41 Horse Collar
Connection lost

Rejoining the realm…

Still unreachable

The connection could not be restored.

Session expired

The server has moved on; the page needs a fresh start.